 Dungeon Crawl Stone Soup version 0.27-a0-652-g2d5cf1dcd3 (webtiles) character file.

Game seed: 9721059921677955016

13 Gaff the Skirmisher (level 2, 0/31 HPs)
             Began as an Ogre Warper on Mar 16, 2021.
             Succumbed to an adder's poison
             ... on level 2 of the Dungeon.
             The game lasted 00:01:50 (1119 turns).

Gaff the Skirmisher (Ogre Warper)                   Turns: 1119, Time: 00:01:51

Health: 0/31       AC:  3    Str: 14    XL:     2   Next: 37%
Magic:  5/5        EV: 10    Int: 14    God:
Gold:   48         SH:  0    Dex:  8    Spells: 5/5 levels left

rFire    . . .     SeeInvis .   a - +0 mace
rCold    . . .     Faith    .   (no shield)
rNeg     . . .     Spirit   .   b - +0 robe
rPois    .         Reflect  .   (helmet restricted)
rElec    .         Harm     .   (no cloak)
rCorr    .         Rampage  .   (gloves unavailable)
Will     .....                  (boots unavailable)
Stlth    +.........             (no amulet)
HPRegen  0.10/turn              (no ring)
MPRegen  0.09/turn              (no ring)

@: lethally poisoned (0 -> -6)
A: large, unfitting armour, tough skin 1
a: no special abilities


You were on level 2 of the Dungeon.
You visited 1 branch of the dungeon, and saw 2 of its levels.

You collected 48 gold pieces.

Inventory:

Hand Weapons
 a - a +0 mace (weapon)
Missiles
 e - 5 boomerangs of dispersal (quivered)
 i - 7 poisoned darts
Armour
 b - a +0 robe (worn)
Scrolls
 d - a scroll of blinking
 g - 3 scrolls of teleportation {unknown}
Potions
 c - a potion of curing {unknown}
 f - a potion of berserk rage {unknown}
 h - a potion of mutation {unknown}


   Skills:
 + Level 3.0 Fighting
 + Level 2.0 Maces & Flails
 - Level 1.0 Throwing
 + Level 2.4 Dodging
 - Level 2.4 Spellcasting
 - Level 2.8 Translocations


You had 5 spell levels left.
You didn't know any spells.
Your spell library contained the following spells:

 Spells                   Type           Power      Damage    Failure   Level
 Blink                    Tloc           N/A        N/A       11%         2
 Gell's Gravitas          Tloc           4%         N/A       22%         3
 Lesser Beckoning         Tloc           4%         N/A       22%         3
 Teleport Other           Tloc           9%         N/A       22%         3
 Manifold Assault         Tloc           9%         N/A       58%         4


Dungeon Overview and Level Annotations

Branches:
Dungeon (2/15)

Altars:


Innate Abilities, Weirdness & Mutations

You are too large for most types of armour.
You have tough skin. (AC +1)


Message History

The adder bites you.
You hit the adder.
The adder is lightly wounded.
The adder bites you but does no damage. The rat bites you.
You closely miss the adder.
The adder is lightly wounded.
The adder barely misses you. The rat barely misses you.
The adder bites you but does no damage.
You closely miss the adder.
The adder is lightly wounded.
The rat bites you but does no damage. The adder bites you.
The rat closely misses you. The adder bites you.
You are poisoned.
The adder poisons you!
You closely miss the adder.
The adder is lightly wounded.
You feel sick. The adder barely misses you. The rat closely misses you.
You closely miss the adder.
You feel sick. The adder bites you.
* * * LOW HITPOINT WARNING * * *
The rat bites you but does no damage. The adder bites you.
* * * LOW HITPOINT WARNING * * *
You barely miss the adder. The adder bites you.
* * * LOW HITPOINT WARNING * * *
You are more poisoned.
The adder poisons you! The rat closely misses you.
The adder closely misses you. The rat bites you but does no damage.
You barely miss the adder.
* * * LOW HITPOINT WARNING * * *
You feel sick. The adder bites you.
* * * LOW HITPOINT WARNING * * *
The rat bites you.
* * * LOW HITPOINT WARNING * * *
You barely miss the adder.
* * * LOW HITPOINT WARNING * * *
You feel sick. The adder bites you.
* * * LOW HITPOINT WARNING * * *
The rat misses you. The adder closely misses you.
You hit the adder.
The adder is moderately wounded.
You die...

#............. . .
#..#$#....#.. . ..
#.........#.#.#
.##.........#.#.#.. #
....... ....... ... .
#.###..#.# ....# ..# #
....$..#.####...##
#.###
#..@S........###.#..
#.r#.####.....##.#.#
#..#.......##...(...
#..#..###)##........
...#..# #..)##.#...#
....#.......##..†....
.#....#.#............#
###....
.#.#.#######... #.#..
...#


You could see an adder and a rat.

Vanquished Creatures
  A giant cockroach (D:1)
  2 hobgoblins (D:1)
  3 bats
  A frilled lizard (D:1)
  3 kobolds
  4 rats (D:1)
14 creatures vanquished.

Notes
Turn   | Place    | Note
-------+----------+-------------------------------------------
     0 | D:1      | Gaff the Ogre Warper began the quest for the Orb.
     0 | D:1      | Reached XP level 1. HP: 22/22 MP: 3/3
   610 | D:1      | Reached XP level 2. HP: 17/29 MP: 5/5
   872 | D:1      | Reached skill level 3 in Fighting
  1118 | D:2      | HP: 1/31 [adder (3)]
  1119 | D:2      | Succumbed to an adder's poison

Illustrated notes

Levels and vault maps discovered:
D:1:      psy_arrival_terrarium, layout_rooms, serial_bayou_ford_a
D:2:      layout_basic, minmay_tetromino_s2

Skill      XL: |  1  2 |
---------------+-------+-----
Fighting       | 3 |  3.0
Maces & Flails | 2 |  2.0
Throwing       | |  1.0
Dodging        | |  2.4
Spellcasting   | |  2.4
Translocations | |  2.8

Action                   || total
-------------------------++-------
Melee: Mace              ||    64
Armor: Robe              ||    30
Dodge: Dodged            ||    57

Table legend: (Time is in decaauts)
 A = Elapsed time spent in this place.
 B = Non-inter-level travel time spent in this place.
 C = Inter-level travel time spent in this place.
 D = Time resting spent in this place.
 E = Time spent auto-exploring this place.
 F = Levels seen in this place.
 G = Mean time per level.
                   A        B        C        D        E       F      G
               +--------+--------+--------+--------+--------+-----+--------+
         Total |   1138 |   1120 |     18 |    635 |    275 |   2 |  569.0 |
       Dungeon |   1138 |   1120 |     18 |    635 |    275 |   2 |  569.0 |
               +--------+--------+--------+--------+--------+-----+--------+

Top non-repeatable levels by time:
     D:1: 1049 daAuts
     D:2: 88 daAuts
